 Dungeon Crawl Stone Soup version 0.26-a0-597-gb535b0901c (webtiles) character file.

Game seed: 6172313592923692478

1927 Flugslaktarn the Fighter (level 8, -2/77 HPs)
             Began as a Minotaur Fighter on Sept 13, 2020.
             Slain by a wyvern zombie (8 damage)
             ... on level 7 of the Dungeon.
             The game lasted 00:02:35 (5575 turns).

Flugslaktarn the Fighter (Minotaur Fighter)         Turns: 5575, Time: 00:02:35

Health: -2/77      AC:  9    Str: 21    XL:     8   Next: 96%
Magic:  7/7        EV:  8    Int:  7    God:
Gold:   301        SH: 10    Dex: 10    Spells: 7/7 levels left

rFire    . . .     SeeInvis .   a - +0 war axe
rCold    . . .     Faith    .   c - +0 kite shield
rNeg     . . .     Spirit   .   b - +0 scale mail
rPois    .         Reflect  .   (helmet restricted)
rElec    .         Harm     .   (no cloak)
rCorr    .                      (no gloves)
MR       ++...                  g - +0 pair of boots
Stlth    ..........             (no amulet)
HPRegen  0.22/turn              (no ring)
MPRegen  0.10/turn              (no ring)

@: stab
A: retaliatory headbutt, horns 2, magic resistance 2
a: no special abilities


You were on level 7 of the Dungeon.
You visited 1 branch of the dungeon, and saw 7 of its levels.

You collected 301 gold pieces.

Inventory:

Hand Weapons
 a - a +0 war axe (weapon)
Armour
 b - a +0 scale mail (worn)
 c - a +0 kite shield (worn)
 g - a +0 pair of boots (worn)
   (You found it on level 3 of the Dungeon)
Jewellery
 n - an uncursed ring of fire {unknown}
   (You found it on level 4 of the Dungeon)
Scrolls
 e - 2 scrolls of enchant armour
 l - a scroll of random uselessness
 m - 2 scrolls of amnesia
 p - a scroll of magic mapping
 s - a scroll of noise
 t - 4 scrolls of teleportation
 x - a scroll of remove curse
Potions
 j - a potion of lignification


   Skills:
 * Level 8.9 Fighting
 * Level 8.4 Axes
 + Level 6.7 Armour
 + Level 6.7 Shields


You had 7 spell levels left.
You didn't know any spells.
Your spell library was empty.

Dungeon Overview and Level Annotations

Branches:
Dungeon (7/15)             Temple (0/1) D:7

Altars:
Ashenzari
The Shining One


Innate Abilities, Weirdness & Mutations

You reflexively headbutt those who attack you in melee.
You have a pair of horns on your head.
You are highly resistant to hostile enchantments. (MR++)


Message History

You block the water moccasin zombie's attack.
You flicker back into view.
You block the water moccasin zombie's attack.
The orc warrior barely misses you.
The orc warrior hits you but does no damage.
The wyvern zombie closely misses you. You furiously retaliate!
You headbutt the wyvern zombie!
The wyvern zombie bites you but does no damage.
The orc priest looks satisfied for a moment.
You block the wyvern zombie's attack.
You feel a little less clever now.
A hippogriff comes into view.
The hippogriff screeches!
You block the wyvern zombie's attack. The wyvern zombie bites you!
* * * LOW HITPOINT WARNING * * *
Your magical contamination has completely faded away.
You block the wyvern zombie's attack. The wyvern zombie bites you!
You die...

......# #######
.....## #.....####
.....### #........##
.......#####.........#
........oo..o..#.##..#
.###.#.######..#.†#..#
..o..#.# #..##.#..#
..####.# #.Z##.#..#
#.# ... #..Z@.<..# #.#
... #####.#### #.#
..... #.# #.# .....
#.# #.##.....# #.# ..#
..# ### ###


You could see a water moccasin zombie and a wyvern zombie.

Vanquished Creatures
  Menkaure (D:5)
  Edmund (D:5)
  Duvessa (D:5)
  A black bear (D:7)
  An ice beast (D:6)
  A phantom (D:6)
  An ogre (D:6)
  4 centaurs
  Blork the orc (D:5)
  A bullfrog (D:7)
  A wyvern skeleton (D:4)
  4 scorpions
  Dowan (D:5)
  3 orc priests
  2 orc wizards
  An iguana (D:6)
  4 worker ants
  A hound skeleton (D:4)
  Robin (D:2)
  9 adders
  A howler monkey skeleton (D:4)
  A white imp (D:4)
  An adder zombie (D:6)
  An ooze (D:1)
  An adder skeleton (D:5)
  2 worms
  2 leopard geckos
  22 orcs
  5 giant cockroaches
  12 goblins
  10 hobgoblins
  6 jackals
  A kobold (D:3)
  A ball python (D:3)
  3 frilled lizards (D:3)
  A rat (D:3)
110 creatures vanquished.

Vanquished Creatures (others)
  4 plants (D:3)
4 creatures vanquished.

Grand Total: 114 creatures vanquished

Notes
Turn   | Place    | Note
-------+----------+-------------------------------------------
     0 | D:1      | Flugslaktarn the Minotaur Fighter began the quest for the
                  | Orb.
     0 | D:1      | Reached XP level 1. HP: 19/19 MP: 0/0
    17 | D:1      | Reached XP level 2. HP: 21/27 MP: 1/1
   165 | D:2      | Noticed Robin
   180 | D:2      | Reached XP level 3. HP: 14/33 MP: 2/2
   181 | D:2      | Killed Robin
   647 | D:3      | Reached XP level 4. HP: 41/41 MP: 3/3
  1400 | D:4      | Reached skill level 5 in Fighting
  1400 | D:4      | Reached XP level 5. HP: 35/48 MP: 4/4
  1753 | D:4      | Reached XP level 6. HP: 52/57 MP: 5/5
  2032 | D:4      | Reached skill level 5 in Axes
  2071 | D:5      | Entered Level 5 of the Dungeon
  2256 | D:4      | Found a shattered altar of Ashenzari.
  2262 | D:4      | Reached skill level 5 in Armour
  2498 | D:4      | Reached skill level 5 in Shields
  2801 | D:5      | Noticed Edmund
  2816 | D:5      | Killed Edmund
  2816 | D:5      | Reached XP level 7. HP: 53/64 MP: 6/6
  2923 | D:5      | Noticed Blork the orc
  2934 | D:5      | Killed Blork the orc
  3164 | D:5      | Noticed Menkaure
  3173 | D:5      | Killed Menkaure
  3895 | D:5      | Noticed Dowan
  3897 | D:5      | Noticed Duvessa
  3909 | D:5      | Killed Dowan
  3922 | D:5      | Killed Duvessa
  3922 | D:5      | Reached XP level 8. HP: 16/73 MP: 7/7
  4924 | D:6      | Found a glowing golden altar of the Shining One.
  5488 | D:7      | Found a staircase to the Ecumenical Temple.
  5518 | D:7      | Gained mutation: You are resistant to hostile enchantments.
                  | (MR+) [potion of mutation]
  5518 | D:7      | Gained mutation: You are highly resistant to hostile
                  | enchantments. (MR++) [potion of mutation]
  5520 | D:7      | HP: 5/112 [bullfrog (2)]
  5563 | D:7      | Noticed a hippogriff
  5575 | D:7      | Slain by a wyvern zombie

Illustrated notes

Levels and vault maps discovered:
D:1:      lightli_arrival_statue_moat, layout_loops_cross
D:2:      layout_basic, nicolae_overflow_crystal_walls, uniq_robin, uniq_jessica
D:3:      layout_rooms, serial_bayou, serial_bayou_pond_a, serial_bayou_shore_b,
          serial_bayou_shore_b, serial_bayou_pond_d
D:4:      layout_basic, lemuel_round_altar
D:5:      layout_basic, nrook_loot_triangle, uniq_duvessa, uniq_edmund,
          uniq_blork_the_orc, uniq_menkaure
D:6:      layout_loops_cross, nicolae_tso_carved_into_rock
D:7:      layout_loops_cross, grunt_temple_overflow_open,
          minmay_temple_entry_statues_pillars, uniq_maggie

Skill      XL: |  1  2  3  4  5  6  7  8 |
---------------+-------------------------+-----
Fighting       | 4 5 6 7 8 |  8.9
Axes           | 3 4 5 6 8 |  8.4
Armour         | 4 5 6 |  6.7
Shields        | 4 5 6 |  6.7

Action                   |  1- 3 |  4- 6 |  7- 9 || total
-------------------------+-------+-------+-------++-------
Melee: War axe           |    45 |   123 |   160 ||   328
       Headbutt          |     7 |    22 |    20 ||    49
  Use: Potion            |     3 |       |     8 ||    11
       Scroll            |       |       |     8 ||     8
 Stab: Sleeping          |       |       |     2 ||     2
       Invisible         |       |       |     1 ||     1
Armor: Scale mail        |    26 |    53 |    58 ||   137
       Skin              |       |       |    21 ||    21
Dodge: Dodged            |    23 |    40 |    52 ||   115
Block: Kite shield       |    33 |    65 |   120 ||   218

Table legend: (Time is in decaauts)
 A = Elapsed time spent in this place.
 B = Non-inter-level travel time spent in this place.
 C = Inter-level travel time spent in this place.
 D = Time resting spent in this place.
 E = Time spent auto-exploring this place.
 F = Levels seen in this place.
 G = Mean time per level.
                   A        B        C        D        E       F      G
               +--------+--------+--------+--------+--------+-----+--------+
         Total |   5672 |   5505 |    167 |    216 |   4547 |   7 |  810.3 |
       Dungeon |   5672 |   5505 |    167 |    216 |   4547 |   7 |  810.3 |
               +--------+--------+--------+--------+--------+-----+--------+

Top non-repeatable levels by time:
     D:5: 1624 daAuts
     D:4: 1499 daAuts
     D:6: 1078 daAuts
     D:3: 662 daAuts
     D:1: 380 daAuts
     D:2: 281 daAuts
     D:7: 145 daAuts
